 Dungeon Crawl Stone Soup version 0.24.0-2-g5b39cebb1c (webtiles) character file.

Game seed: 7571743368847698873, levelgen mode: deterministic

656287 inmateoo the Merry Centaur (level 27, -4/268 HPs)
             Began as a Centaur Hunter on Oct 30, 2019.
             Was the Champion of Okawaru.
             Slain by a wandering mushroom (7 damage)
             ... summoned by a curse toe
             ... on level 3 of the Realm of Zot on Oct 31, 2019.
             The game lasted 02:10:14 (93821 turns).

inmateoo the Merry Centaur (Centaur Hunter)        Turns: 93821, Time: 02:10:14

Health: -4/268     AC: 33    Str: 29    XL:     27
Magic:  26/30      EV: 19    Int: 10    God:    Okawaru [******]
Gold:   7512       SH:  0    Dex: 13    Spells: 26/26 levels left

rFire    + + .     SeeInvis .   A - +9 war axe "Vusacu" {chop, rElec rPois MR+}
rCold    + + .     Gourm    .   (no shield)
rNeg     + + +     Faith    .   r - +7 Kryia's mail coat {PotionHeal*2 rC+}
rPois    +         Spirit   .   W - -2 hat of the Alchemist {rElec rPois rF+ rC+ rN+ MR+ rMut rCorr}
rElec    +         Reflect  .   Z - scarf {repulsion}
rCorr    +         Harm     .   S - +2 pair of gloves {archery}
rMut     +                      B - +4 centaur barding {rF+}
MR       +++++                  U - amulet of Rinicaka {+Rage rN+ Str+7}
Stlth    +.........             Q - ring of Kuer {+Blink rN+ Slay+3}
HPRegen  0.54/turn              t - ring "Tulloemu" {MR++ Str-3} (curse)
MPRegen  0.22/turn

@: heroism, finesse, hasted and slowed, repel missiles, very quick
A: large, hooves 3, deformed body, speed 2, tough skin 3
}: 3/15 runes: serpentine, barnacled, silver
a: Heroism, Finesse, Renounce Religion, Evoke Blink, Evoke Berserk Rage


You were on level 3 of the Realm of Zot.
You worshipped Okawaru.
Okawaru was exalted by your worship.
You were full.

You visited 11 branches of the dungeon, and saw 51 of its levels.
You visited the Abyss 1 time.
You visited 1 bazaar.
You also visited: Trove, Gauntlet, Ice Cave, Wizlab and Desolation.

You collected 10663 gold pieces.
You spent 3151 gold pieces at shops.

Inventory:

Hand Weapons
 a - a +4 longbow of velocity
 A - the +9 war axe "Vusacu" (weapon) {chop, rElec rPois MR+}
   (You found it on level 8 of the Dungeon)

   It inflicts extra damage upon your enemies.
   It insulates you from electricity.
   It protects you from poison.
   It affects your resistance to hostile enchantments.
 O - the +8 shortbow "Fedgho Passy" {freeze, rC+ Str+4 Dex+3 Stlth-}
   (You found it on level 3 of the Depths)

   It causes projectiles fired from it to freeze those they strike, causing
   extra injury to most foes and up to half again as much damage against
   particularly susceptible opponents.
   They can also slow down cold-blooded creatures.
   It affects your strength (+4).
   It affects your dexterity (+3).
   It protects you from cold.
   It makes you less stealthy.
 T - the +18 lance "Wyrmbane" {slay drac, rPois rF+ rC+ AC+3}
   (You found it in the Desolation of Salt)

   It affects your AC (+3).
   It protects you from fire.
   It protects you from cold.
   It protects you from poison.
Missiles
 d - 1029 arrows
Armour
 r - the +7 Kryia's mail coat (worn) {PotionHeal*2 rC+}
   (Okawaru gifted it to you on level 2 of the Shoals)

   It protects you from cold.
 u - a +2 centaur barding of cold resistance
 B - a +4 centaur barding of fire resistance (worn)
 S - a +2 pair of gloves of archery (worn)
 W - the -2 hat of the Alchemist (worn) {rElec rPois rF+ rC+ rN+ MR+ rMut rCorr}
   (You found it in a wizard's laboratory)

   It protects you from fire.
   It protects you from cold.
   It insulates you from electricity.
   It protects you from poison.
   It protects you from negative energy.
   It affects your resistance to hostile enchantments.
   It provides partial protection from all sources of acid and corrosion.
   It protects you from mutation.
 Z - a scarf of repulsion (worn)
Jewellery
 c - the ring of Propriety {+Fly rElec rC+ rN+}
   (You found it on level 3 of the Crypt)

   [ring of positive energy]

   It protects you from cold.
   It insulates you from electricity.
   It protects you from negative energy.
   It lets you fly.
 t - the cursed ring "Tulloemu" (right hand) {MR++ Str-3}
   (You found it on level 4 of the Vaults)

   [ring of strength]

   It affects your strength (-3).
   It affects your resistance to hostile enchantments.
   It has a curse placed upon it.
 P - the ring of Qoutafo {MP+9 SInv}
   (You found it in the Desolation of Salt)

   [ring of magical power]

   It affects your magic capacity (+9).
   It lets you see invisible.
 Q - the ring of Kuer (left hand) {+Blink rN+ Slay+3}
   (You found it on level 3 of the Crypt)

   [ring of positive energy]

   It affects your accuracy and damage with ranged weapons and melee attacks
   (+3).
   It protects you from negative energy.
   It lets you blink.
 U - the amulet of Rinicaka (around neck) {+Rage rN+ Str+7}
   (You found it in a treasure trove)

   [amulet of rage]

   It affects your strength (+7).
   It protects you from negative energy.
   It lets you go berserk.
 X - the ring of the Cockatrice {rElec rN+}
   (You found it on level 3 of the Crypt)

   [ring of positive energy]

   It insulates you from electricity.
   It protects you from negative energy.
Wands
 n - a wand of acid (26)
 p - a wand of iceblast (44)
 y - a wand of digging (19)
 F - a wand of disintegration (37)
 G - a wand of scattershot (5)
 R - a wand of paralysis (50)
Scrolls
 b - a scroll of summoning
 e - 23 scrolls of remove curse
 k - 2 scrolls of magic mapping
 q - 6 scrolls of identify
 s - 19 scrolls of teleportation
 v - 7 scrolls of immolation
 x - a scroll of amnesia
 J - 7 scrolls of blinking
 L - 7 scrolls of fog
 M - 11 scrolls of fear
Potions
 h - 6 potions of agility
 i - 26 potions of curing
 l - 10 potions of brilliance
 m - 3 potions of ambrosia
 o - 7 potions of might
 w - 3 potions of flight
 z - 6 potions of heal wounds
 E - 4 potions of magic
 H - 31 potions of mutation
 I - 3 potions of resistance
 V - 2 potions of berserk rage
 Y - 3 potions of cancellation
Miscellaneous
 C - a phial of floods
 N - a lightning rod (4/4)
Comestibles
 f - 61 rations


   Skills:
 + Level 25.9(27) Fighting
 - Level 14.5(20.0) Axes
 - Level 6.5(16.5) Polearms
 O Level 27 Bows
 + Level 17.3(22.3) Armour
 + Level 17.4(22.4) Dodging
 - Level 0.4(5.4) Stealth
 - Level 10.0 Invocations


You had 26 spell levels left.
You didn't know any spells.
Your spell library contained the following spells:

 Spells                   Type           Power        Failure   Level  Hunger
 Animate Skeleton         Necr           N/A          50%         1    ##.....
 Apportation              Tloc           #.....       50%         1    ##.....
 Beastly Appendage        Tmut           #.....       50%         1    ##.....
 Confusing Touch          Hex            #.....       50%         1    ##.....
 Corona                   Hex            #......      50%         1    ##.....
 Freeze                   Ice            #...         50%         1    ##.....
 Infusion                 Chrm           #...         50%         1    ##.....
 Magic Dart               Conj           #...         50%         1    ##.....
 Pain                     Necr           #...         50%         1    ##.....
 Sandblast                Erth           #.....       50%         1    ##.....
 Shock                    Conj/Air       #...         50%         1    ##.....
 Sting                    Conj/Pois      #...         50%         1    ##.....
 Summon Small Mammal      Summ           #...         50%         1    ##.....
 Blink                    Tloc           N/A          63%         2    ###....
 Call Imp                 Summ           #.......     63%         2    ###....
 Corpse Rot               Necr           N/A          63%         2    ###....
 Ensorcelled Hibernation  Hex/Ice        #.....       63%         2    ###....
 Passwall                 Tmut/Erth      #.......     63%         2    ###....
 Poisonous Vapours        Pois/Air       #.....       63%         2    ###....
 Searing Ray              Conj           #.....       63%         2    ###....
 Shroud of Golubria       Chrm/Tloc      #.....       63%         2    ###....
 Slow                     Hex            #.......     63%         2    ###....
 Song of Slaying          Chrm           #.......     63%         2    ###....
 Sticks to Snakes         Tmut           #.......     63%         2    ###....
 Sublimation of Blood     Necr           #.........   63%         2    ###....
 Swiftness                Chrm/Air       #.......     63%         2    ###....
 Throw Flame              Conj/Fire      #.....       63%         2    ###....
 Throw Frost              Conj/Ice       #.....       63%         2    ###....
 Call Canine Familiar     Summ           #.......     86%         3    ####...
 Confuse                  Hex            #.......     86%         3    ####...
 Conjure Flame            Conj/Fire      #.......     86%         3    ####...
 Dazzling Spray           Conj/Hex       #.....       86%         3    ####...
 Ignite Poison            Fire/Tmut/Pois #.......     86%         3    ####...
 Inner Flame              Hex/Fire       #.......     86%         3    ####...
 Mephitic Cloud           Conj/Pois/Air  #.......     86%         3    ####...
 Ozocubu's Armour         Chrm/Ice       #.......     86%         3    ####...
 Portal Projectile        Hex/Tloc       #.....       86%         3    ####...
 Recall                   Summ/Tloc      N/A          86%         3    ####...
 Regeneration             Chrm/Necr      #.........   86%         3    ####...
 Spectral Weapon          Hex/Chrm       #.......     86%         3    ####...
 Spider Form              Tmut/Pois      #.........   86%         3    ####...
 Static Discharge         Conj/Air       #.......     86%         3    ####...
 Stone Arrow              Conj/Erth      #.....       86%         3    ####...
 Summon Guardian Golem    Hex/Summ       #.......     86%         3    ####...
 Tukima's Dance           Hex            #.......     86%         3    ####...
 Airstrike                Air            #.........   99%         4    #####..
 Animate Dead             Necr           N/A          99%         4    #####..
 Cause Fear               Hex            #.........   99%         4    #####..
 Force Lance              Conj/Tloc      #.......     99%         4    #####..
 Fulminant Prism          Conj/Hex       #.........   99%         4    #####..
 Ice Form                 Ice/Tmut       #.......     99%         4    #####..
 Iskenderun's Mystic Bla  Conj           #.......     99%         4    #####..
 Leda's Liquefaction      Hex/Erth       #.........   99%         4    #####..
 Petrify                  Tmut/Erth      #.......     99%         4    #####..
 Summon Ice Beast         Ice/Summ       #.......     99%         4    #####..
 Summon Lightning Spire   Summ/Air       #.......     99%         4    #####..
 Throw Icicle             Conj/Ice       #.......     99%         4    #####..
 Agony                    Necr           #.......     100%        5    ######.
 Alistair's Intoxication  Tmut/Pois      #.......     100%        5    ######.
 Blade Hands              Tmut           #.........   100%        5    ######.
 Bolt of Draining         Conj/Necr      #.........   100%        5    ######.
 Bolt of Magma            Conj/Fire/Erth #.........   100%        5    ######.
 Borgnjor's Vile Clutch   Necr/Erth      #.........   100%        5    ######.
 Dispel Undead            Necr           #.......     100%        5    ######.
 Excruciating Wounds      Chrm/Necr      #.........   100%        5    ######.
 Irradiate                Conj/Tmut      #.........   100%        5    ######.
 Iskenderun's Battlesphe  Conj/Chrm      #.......     100%        5    ######.
 Lightning Bolt           Conj/Air       #.........   100%        5    ######.
 Silence                  Hex/Air        #.........   100%        5    ######.
 Summon Forest            Summ/Tloc      #.........   100%        5    ######.
 Venom Bolt               Conj/Pois      #.........   100%        5    ######.
 Yara's Violent Unravell  Hex/Tmut       #.........   100%        5    ######.
 Conjure Ball Lightning   Conj/Air       #.........   100%        6    #######
 Darkness                 Hex            #.........   100%        6    #######
 Death Channel            Necr           #.........   100%        6    #######
 Deflect Missiles         Chrm/Air       #.........   100%        6    #######
 Freezing Cloud           Conj/Ice/Air   #.........   100%        6    #######
 Hydra Form               Tmut           #.........   100%        6    #######
 Iron Shot                Conj/Erth      #.........   100%        6    #######
 Shadow Creatures         Summ           N/A          100%        6    #######
 Simulacrum               Ice/Necr       #.........   100%        6    #######
 Statue Form              Tmut/Erth      #........    100%        6    #######
 Dragon Form              Tmut           #.........   100%        7    #######
 Orb of Destruction       Conj           #.........   100%        7    #######
 Ring of Flames           Chrm/Fire      #.........   100%        7    #######
 Spellforged Servitor     Conj/Summ      #.........   100%        7    #######
 Summon Hydra             Summ           #.........   100%        7    #######
 Borgnjor's Revivificati  Necr           #.........   100%        8    #######
 Discord                  Hex            #.........   100%        8    #######


Dungeon Overview and Level Annotations

Branches:
Dungeon (15/15)            Temple (1/1) D:4            Lair (6/6) D:10
 Shoals (4/4) Lair:2        Snake (4/4) Lair:3        Slime (0/5) Lair:5
    Orc (2/2) D:11            Elf (3/3) Orc:2        Vaults (5/5) D:14
  Crypt (3/3) Vaults:2       Tomb (0/3) Crypt:3      Depths (5/5) D:15
    Zot (3/5) Depths:5      IceCv (visited)          WizLab (visited)
Desolation (visited)      Gauntlet (visited)

Altars:
Ashenzari
Cheibriados
Dithmenos
Elyvilon
Fedhas
Gozag
Hepliaklqana
Kikubaaqudgha
Nemelex Xobeh
Okawaru
Qazlal
Ru
Sif Muna
Trog
Uskayaw
Vehumet
Wu Jian
Xom
Yredelemnul
Zin
The Shining One
Beogh

Shops:
D:10 }   Orc:2 :*!(:   Elf:1 *   Elf:2 [   Snake:1 }}=   Vaults:3 ?

Portals:
Hell: Depths:1 Depths:2 Depths:3 Depths:4 Depths:5
Abyss: Depths:1 Depths:2 Depths:4
Pandemonium: Orc:2 Depths:3
Ziggurat: Depths:5

Annotations:
D:14 exclusion: 4 oklob plants
Snake:3 1 runed translucent door, sleeves's ghost, adept BaSu
Elf:2 3 runed translucent doors
Vaults:4 2 runed translucent doors, Getoffmy's ghost, veteran GrFi; dolemite99's ghost, veteran DrFE
Depths:2 1 runed translucent door
Zot:1 5 transporters


Innate Abilities, Weirdness & Mutations

You have hooves in place of feet.
Armour fits poorly on your strangely shaped body.
You cover ground very quickly.
You have extremely tough skin. (AC +3)


Message History

You are engulfed in a cloud of spores!
The wandering mushroom closely misses you.
The wandering mushroom releases spores at you.
* * * LOW HITPOINT WARNING * * *
You are engulfed in a cloud of spores!
The death cob hits you!
* * * LOW HITPOINT WARNING * * *
The death cob drains your vigour!
You feel as though you will be slow longer.
The red draconian completely misses you.
The curse toe gestures.
The wandering mushroom releases spores at you but does no damage.
The golden dragon bites you!
* * * LOW HITPOINT WARNING * * *
The golden dragon claws you but does no damage.
The golden dragon tramples you.
* * * LOW HITPOINT WARNING * * *
You hold your ground!
The wandering mushroom releases spores at you but does no damage.
The wandering mushroom releases spores at you!
You die...

........................,,,,,,,,,
........................,,,,,,,,,
........................,,,,,,,,,
...#############.......#******,,,
....## #......#* *,,, .....##
#d.....# *,,, .....[## #ffd..#*
*,,, .......#########fzdf.###**
*,,, ...............f@Df.....,*
*,,, ...............ffzf.....,*
*,,, ...............f........,*
*,,,
........................,*****,,,
............#########..(,**,,,,,,
..>###......# *..(,,,,,,,,, ...*
###....# *,..,,,,,,,,, ..,*
#....# *,,,,,,,,,,,, ,,,* #....#
*,,,,,,,,,,,,


You could see a golden dragon, a black draconian, 2 draconians, a curse toe, a
death cob, a deathcap and 9 wandering mushrooms.

Vanquished Creatures
  3 ancient liches
  Margery (Crypt:1)
  Saint Roka (Vaults:5)
  Bai Suzhen (Snake:3)
  Vashnia (Snake:2)
  Frederick (Vaults:5)
  A caustic shrike (Depths:2)
  10 golden dragons
  Jory (Vaults:2)
  A profane servitor (Crypt:3)
  A bone dragon (Crypt:3)
  A mutant beast (WizLab)
  An electric golem (Zot:1)
  4 liches
  Jorgrun (Orc:2)
  13 tentacled monstrosities
  11 titans
  Asterion (Snake:3)
  A quicksilver dragon (shapeshifter) (Depths:3)
  A deep elf master archer (Elf:3)
  3 deep elf blademasters
  5 quicksilver dragons
  3 death cobs
  The ghost of Nys Cevy the Brawler, an adept TrFi of Qazlal (Snake:1)
  8 sphinxes
  A shadow dragon (shapeshifter) (Depths:3)
  A tentacled starspawn (Abyss:3)
  10 storm dragons
  5 tengu reavers
  2 ancient champions
  6 shadow dragons
  9 draconian monks
  12 nagarajas
  Ilsuiw (Shoals:2)
  3 revenants
  Roxanne (Snake:1)
  2 draconian scorchers
  15 fire giants
  3 draconian knights
  Louise (Snake:2)
  A ghost moth (Depths:3)
  10 frost giants
  An iron dragon (shapeshifter) (Depths:3)
  3 iron dragons
  2 deep elf sorcerers
  Aizul (Snake:1)
  2 imperial myrmidons (Desolation)
  11 vault wardens
  2 orc warlords (Orc:1)
  A curse skull (Crypt:2)
  2 draconian stormcallers (Zot:1)
  6 ghouls
  A caustic shrike skeleton (Depths:4)
  10 deep elf elementalists
  3 draconian shifters
  4 draconian annihilators
  4 war gargoyles
  24 stone giants
  15 very ugly things
  2 entropy weavers
  18 ironheart preservers
  9 yellow draconians
  12 vampire knights
  10 green draconians
  A lorocyproca (Depths:3)
  3 halazid warlocks (Desolation)
  5 black draconians
  A minotaur (shapeshifter) (Vaults:5)
  8 purple draconians
  17 deep elf annihilators
  3 spark wasps
  8 deep elf demonologists
  12 red draconians
  8 white draconians
  Azrael (Snake:2)
  A minotaur (Gauntlet)
  9 merfolk javelineers
  4 eidola
  A spark wasp (shapeshifter) (Depths:3)
  A blizzard demon (Abyss:3)
  An ettin (shapeshifter) (Vaults:5)
  Snorg (D:13)
  16 deep elf death magi
  4 crystal guardians
  16 ettins
  8 merfolk impalers
  23 jiangshi
  5 great orbs of eyes
  8 ragged hierophants (Desolation)
  17 yaktaur captains
  8 fire dragons
  7 servants of whispers (Desolation)
  3 rakshasas
  5 peacekeepers (Desolation)
  7 deep elf high priests
  8 hydras
  15 ice dragons
  A hydra (shapeshifter) (Depths:3)
  6 catoblepae
  A juggernaut simulacrum (Depths:3)
  4 merfolk avatars
  An alligator snapping turtle (Shoals:3)
  15 naga warriors
  8 spriggan air magi
  An anaconda (shapeshifter) (Depths:3)
  34 vault guards
  11 merfolk aquamancers
  2 tengu warriors
  8 death knights
  15 death yaks
  19 anacondas
  11 centaur warriors
  10 deep troll shamans
  42 two-headed ogres
  16 deep troll earth magi
  3 vampire magi
  15 ogre magi
  17 dancing weapons
  22 naga sharpshooters
  2 thrashing horrors (Abyss:3)
  8 orc high priests
  6 shock serpents
  2 spriggan berserkers (Depths:4)
  4 soul eaters
  16 deep elf knights
  A sun demon (Orc:2)
  Urug (D:11)
  An iron golem (WizLab)
  A wretched star (Abyss:3)
  A fire crab (shapeshifter) (WizLab)
  12 hell knights
  A sixfirhy (Orc:2)
  8 unseen horrors
  3 glowing orange brains
  11 sea snakes
  2 death drakes (Depths:5)
  A salamander mystic (Snake:2)
  2 glowing orange brains (shapeshifter)
  A gelid demonspawn (Orc:2)
  15 skeletal warriors
  A spectral anaconda (Crypt:3)
  10 flayed ghosts
  A tengu zombie (Depths:4)
  4 shadow wraiths
  4 naga ritualists
  A torturous demonspawn (Orc:2)
  An unseen horror (shapeshifter) (WizLab)
  4 wizards
  17 deep elf archers
  4 lindwurms
  31 deep trolls
  19 harpies
  7 mana vipers
  26 orc knights
  Pikel (D:5)
  21 ironbrand convokers
  A frost giant zombie (Crypt:2)
  An orange crystal statue (Depths:2)
  An iron dragon zombie (Crypt:1)
  9 necromancers
  45 deep elf magi
  13 orc sorcerers
  3 fauns
  11 phantasmal warriors
  A tengu skeleton (Depths:4)
  2 orb spiders (shapeshifter)
  41 ugly things
  11 manticores
  11 salamanders
  A moth of wrath (shapeshifter) (Vaults:5)
  3 wolf spiders
  An iron dragon skeleton (Depths:4)
  10 cyclopes
  16 moths of wrath
  A stone giant skeleton (Crypt:3)
  A black mamba (shapeshifter) (Vaults:1)
  2 spectral shock serpents (Snake:1)
  2 centaur zombies
  2 elephants (shapeshifter)
  7 merfolk sirens
  21 guardian serpents
  16 naga magi
  A shock serpent zombie (Crypt:1)
  6 elephants
  21 black mambas
  22 vault sentinels
  4 water nymphs
  2 gargoyles
  3 guardian serpents (shapeshifter)
  A smoke demon (Abyss:3)
  2 ice statues (IceCv)
  A molten gargoyle (Desolation)
  An orange demon (Orc:2)
  14 spiny frogs
  2 spiny frogs (shapeshifter) (WizLab)
  A komodo dragon (shapeshifter) (WizLab)
  57 yaktaurs
  3 rime drakes
  11 komodo dragons
  3 kobold demonologists
  4 efreet
  A demonic crawler (Abyss:3)
  7 freezing wraiths
  2 black draconian skeletons (Crypt:2)
  A catoblepas skeleton (Crypt:2)
  A hellwing (Abyss:3)
  6 polar bears
  An ice devil (Orc:2)
  3 ancient zymes (Abyss:3)
  8 trolls
  2 polar bears (shapeshifter) (WizLab)
  A meliai (shapeshifter) (Vaults:3)
  6 meliai
  A harpy zombie (Crypt:2)
  3 queen bees (shapeshifter)
  Grinder (D:3)
  41 merfolk
  A wind drake (shapeshifter) (WizLab)
  8 wind drakes
  60 saltlings
  3 tengu conjurers
  A tyrant leech (shapeshifter) (Depths:1)
  2 queen bees
  2 raiju (shapeshifter)
  A shadow dragon simulacrum (Vaults:3)
  2 hornets (shapeshifter) (WizLab)
  3 bog bodies
  26 slime creatures
  3 hornets
  16 blink frogs
  A tarantella zombie (Crypt:1)
  A raiju (Abyss:3)
  3 spectral nagas (Snake:1)
  9 dream sheep
  A fire giant simulacrum (Crypt:3)
  A dream sheep (shapeshifter) (Depths:4)
  11 snapping turtles
  A centaur simulacrum (D:15)
  An alligator zombie (Crypt:2)
  A stone giant simulacrum (Vaults:2)
  A black mamba zombie (Crypt:2)
  59 flying skulls
  A spriggan (shapeshifter) (WizLab)
  13 hippogriffs
  A tarantella (Vaults:5)
  70 yaks
  2 shock serpent simulacra (Snake:1)
  Sigmund (D:4)
  4 redbacks
  2 shadows (Crypt:3)
  3 tarantellas (shapeshifter)
  2 air elementals
  3 wyverns
  13 wraiths
  3 spriggans
  4 ynoxinuls (Abyss:3)
  A fire dragon skeleton (Crypt:1)
  6 fire elementals
  2 yaks (shapeshifter) (WizLab)
  A basilisk (shapeshifter) (WizLab)
  8 humans (D:14)
  2 golden eyes (shapeshifter) (WizLab)
  41 water elementals
  2 basilisks
  A neqoxec (Gauntlet)
  A tyrant leech zombie (Crypt:2)
  4 chaos spawn
  A human simulacrum (Vaults:3)
  A hungry ghost (Abyss:3)
  A human (shapeshifter) (WizLab)
  A torturous demonspawn zombie (Crypt:1)
  4 vampire mosquitoes
  15 wargs
  A deep troll zombie (Vaults:2)
  18 large abominations
  54 nagas
  A soldier ant (D:14)
  A swamp worm (shapeshifter) (Vaults:5)
  7 floating eyes
  2 soldier ants (shapeshifter)
  9 water moccasins
  8 porcupines
  3 hell hounds (Snake:2)
  6 swamp drakes (Depths:5)
  27 ice beasts
  53 orc warriors
  A sky beast (shapeshifter) (WizLab)
  7 sky beasts
  2 slaves (D:5)
  2 black mamba simulacra (Snake:1)
  9 black bears
  An eye of draining (shapeshifter) (WizLab)
  3 phantoms
  8 boggarts
  A fire dragon simulacrum (Crypt:3)
  43 ogres
  12 necrophages
  3 wolves (Lair:2)
  A hornet zombie (D:15)
  A boggart (shapeshifter) (WizLab)
  10 centaurs
  A tengu (shapeshifter) (Vaults:5)
  13 crocodiles
  An elf zombie (D:15)
  An orc skeleton (Vaults:2)
  18 small abominations
  6 big kobolds
  Blork the orc (D:4)
  21 bullfrogs
  A salamander zombie (Crypt:1)
  A bullfrog (shapeshifter) (WizLab)
  2 earth elementals
  A gnoll sergeant (D:12)
  4 scorpions
  A scorpion (shapeshifter) (WizLab)
  A water moccasin skeleton (Crypt:2)
  86 killer bees
  2 vampire bats (Lair:6)
  13 wights
  3 howler monkeys
  5 electric eels
  7 crimson imps
  4 bullfrog zombies
  A lava snake (D:15)
  9 hounds
  A basilisk zombie (Crypt:2)
  A quasit (D:11)
  6 human zombies
  17 jellies
  28 orc priests
  5 centaur skeletons
  4 iguanas
  35 orc wizards
  A human skeleton (D:15)
  9 worker ants
  A big kobold zombie (Crypt:1)
  A bullfrog simulacrum (D:13)
  An ogre skeleton (Crypt:2)
  A deep dwarf skeleton (Crypt:1)
  2 hound zombies
  2 howler monkey zombies
  8 gnolls
  15 adders
  3 shadow imps
  3 white imps (D:13)
  3 oozes
  An adder zombie (D:5)
  A worm (D:5)
  A dart slug (D:3)
  6 leopard geckos
  137 orcs
  16 bats
  4 giant cockroaches
  2 goblins
  8 hobgoblins
  9 jackals
  7 quokkas
  2 ball pythons
  3 ball python skeletons
  3 frilled lizards
  A jackal skeleton (D:4)
  11 kobolds
  A leopard gecko zombie (D:5)
  2 orc zombies
  A quokka skeleton (D:5)
  5 rats
  4 crawling corpses (Elf:3)
  4 fungi
  A lurking horror (Abyss:3)
  16 plants
  3 withered plants (Gauntlet)
2852 creatures vanquished.

Vanquished Creatures (collateral kills)
  3 juggernauts (Depths:2)
  A fire giant (Depths:2)
  2 ettins (Depths:2)
  A deep troll shaman (Vaults:3)
  A deep troll earth mage (Depths:1)
  3 spriggan berserkers
  A deep troll (Vaults:3)
  A water elemental (Depths:2)
13 creatures vanquished.

Vanquished Creatures (others)
  A storm dragon (Depths:2)
  A dancing weapon (Elf:1)
  A merfolk aquamancer (Shoals:4)
  A necromancer (Vaults:5)
  An ironbrand convoker (Desolation)
  A guardian serpent (Desolation)
  A human (D:14)
  An orc warrior (Vaults:5)
  A bullfrog skeleton (D:11)
  An adder skeleton (D:5)
  2 orcs (D:5)
  A giant cockroach (D:5)
  2 jackals (D:5)
  51 fungi
  49 plants
  A starspawn tentacle (Abyss:3)
  2 withered plants (Gauntlet)
118 creatures vanquished.

Grand Total: 2983 creatures vanquished

Notes
Turn   | Place    | Note
-------+----------+-------------------------------------------
     0 | D:1      | inmateoo the Centaur Hunter began the quest for the Orb.
     0 | D:1      | Reached XP level 1. HP: 17/17 MP: 1/1
   501 | D:1      | Reached XP level 2. HP: 24/24 MP: 2/2
   534 | D:1      | Reached skill level 6 in Bows
  1582 | D:3      | Reached XP level 3. HP: 29/29 MP: 3/3
  1613 | D:3      | Reached skill level 7 in Bows
  1708 | D:3      | Reached XP level 4. HP: 15/36 MP: 4/4
  2047 | D:3      | Noticed Grinder
  2125 | D:3      | Killed Grinder
  2125 | D:3      | Reached skill level 9 in Bows
  2125 | D:3      | Reached XP level 5. HP: 41/41 MP: 5/5
  2125 | D:3      | Reached XP level 6. HP: 48/48 MP: 6/6
  2208 | D:3      | Reached skill level 10 in Bows
  2763 | D:4      | Noticed Blork the orc
  2770 | D:4      | Killed Blork the orc
  2933 | D:4      | Noticed Sigmund
  2953 | D:4      | Killed Sigmund
  2953 | D:4      | Reached XP level 7. HP: 60/60 MP: 7/7
  3150 | D:4      | Found a staircase to the Ecumenical Temple.
  3161 | D:4      | Reached skill level 5 in Fighting
  3172 | D:4      | Reached skill level 1 in Polearms
  3208 | Temple   | Entered the Ecumenical Temple
  3273 | Temple   | Became a worshipper of Warmaster Okawaru
  3539 | D:4      | Found a snail-covered altar of Cheibriados.
  3675 | D:5      | Entered Level 5 of the Dungeon
  3951 | D:5      | Noticed Pikel
  3983 | D:5      | Killed Pikel
  3983 | D:5      | Reached * piety under Okawaru
  3983 | D:5      | Reached XP level 8. HP: 31/71 MP: 8/8
  4493 | D:5      | Reached ** piety under Okawaru
  5154 | D:5      | Reached XP level 9. HP: 67/81 MP: 9/9
  5267 | D:5      | Reached skill level 1 in Armour
  5300 | D:5      | Reached skill level 1 in Invocations
  5775 | D:6      | Reached *** piety under Okawaru
  6576 | D:7      | Found a sacrificial altar of Ru.
  7342 | D:8      | Reached skill level 11 in Bows
  7748 | D:8      | Got a twisted war axe
  7787 | D:8      | Found a shattered altar of Ashenzari.
  8156 | D:7      | Identified the +9 war axe "Vusacu" {chop, rElec rPois MR+}
                  | (You found it on level 8 of the Dungeon)
  8325 | D:7      | Reached **** piety under Okawaru
  8348 | D:7      | Received a gift from Okawaru
  8348 | D:7      | Reached XP level 10. HP: 21/89 MP: 12/12
  8856 | D:8      | Noticed a two-headed ogre
  8892 | D:8      | Killed a two-headed ogre
  8892 | D:8      | Received a gift from Okawaru
  9530 | D:8      | Noticed a two-headed hydra
  9591 | D:8      | Reached skill level 5 in Invocations
  9630 | D:8      | Killed a two-headed hydra
  9642 | D:8      | Received a gift from Okawaru
  9642 | D:8      | Reached skill level 12 in Bows
 10265 | D:9      | Found a white marble altar of Elyvilon.
 10300 | D:9      | Received a gift from Okawaru
 10506 | D:10     | Entered Level 10 of the Dungeon
 10576 | D:10     | Reached skill level 10 in Fighting
 11035 | D:10     | Reached XP level 11. HP: 86/97 MP: 15/15
 11449 | D:10     | Reached ***** piety under Okawaru
 11766 | D:10     | Noticed a red ugly thing
 11838 | D:10     | Killed a red ugly thing
 11970 | D:10     | Found a staircase to the Lair.
 12038 | D:10     | Reached skill level 13 in Bows
 12645 | D:10     | Received a gift from Okawaru
 13334 | D:10     | Received a gift from Okawaru
 13449 | D:10     | Found Dicuwati's Gadget Shop.
 13903 | D:11     | Found a shadowy altar of Dithmenos.
 13908 | D:11     | Noticed a two-headed ogre
 13927 | D:11     | Killed a two-headed ogre
 14022 | D:11     | Noticed a cyan ugly thing
 14092 | D:11     | Killed a cyan ugly thing
 14227 | D:11     | Found a staircase to the Orcish Mines.
 14259 | D:11     | Noticed Urug
 14619 | D:11     | Reached skill level 1 in Axes
 14878 | D:11     | Reached skill level 14 in Bows
 15343 | D:11     | Killed Urug
 15532 | D:12     | Noticed a deep elf mage
 15660 | D:12     | Received a gift from Okawaru
 15667 | D:12     | Killed a deep elf mage
 16082 | D:12     | Reached XP level 12. HP: 101/108 MP: 17/17
 16565 | D:12     | Noticed a seven-headed hydra
 16618 | D:12     | Killed a seven-headed hydra
 16618 | D:12     | Received a gift from Okawaru
 17050 | D:12     | Reached skill level 15 in Bows
 18333 | D:13     | Found a frozen archway.
 18546 | D:13     | Noticed a catoblepas
 18549 | IceCv    | Entered an ice cave
 18736 | IceCv    | Reached skill level 5 in Axes
 18927 | IceCv    | Received a gift from Okawaru
 19185 | IceCv    | Noticed an ice dragon
 19190 | IceCv    | Noticed an ice dragon
 19561 | IceCv    | Killed an ice dragon
 19561 | IceCv    | Reached skill level 5 in Polearms
 19570 | IceCv    | Killed an ice dragon
 19968 | Lair:1   | Entered Level 1 of the Lair of Beasts
 20615 | Lair:1   | Reached XP level 13. HP: 98/117 MP: 18/18
 21199 | Lair:2   | Found a staircase to the Shoals.
 21223 | Lair:2   | Reached skill level 5 in Armour
 21387 | Lair:2   | Reached skill level 5 in Dodging
 21763 | Lair:2   | Received a gift from Okawaru
 22112 | Lair:3   | Found a staircase to the Snake Pit.
 22526 | Lair:3   | Received a gift from Okawaru
 23009 | Lair:3   | Received a gift from Okawaru
 23047 | Lair:3   | Reached skill level 16 in Bows
 24029 | Lair:4   | Received a gift from Okawaru
 24681 | Lair:4   | Reached XP level 14. HP: 43/127 MP: 12/19
 25255 | Lair:5   | Got an ancient buckler
 25261 | Lair:5   | Identified the cursed +0 buckler "Ton Gugu" {*Drain Int+4
                  | Stlth+} (You found it on level 5 of the Lair of Beasts)
 26063 | Lair:5   | Found a staircase to the Slime Pits.
 26450 | Lair:6   | Entered Level 6 of the Lair of Beasts
 26510 | Lair:6   | Received a gift from Okawaru
 26569 | Lair:6   | Found a gate leading to a gauntlet.
 26680 | Lair:6   | Found a sparkling altar of Nemelex Xobeh.
 26701 | Gauntlet | Entered a Gauntlet
 26701 | Gauntlet | Found a transporter.
 26701 | Gauntlet | Found a transporter.
 26701 | Gauntlet | Found a transporter.
 26701 | Gauntlet | Found a runed translucent gate.
 26702 | Gauntlet | Found a transporter.
 26703 | Gauntlet | Found a transporter.
 26704 | Gauntlet | Found a runed translucent gate.
 26704 | Gauntlet | Found a large runed translucent door.
 26705 | Gauntlet | Found a runed translucent gate.
 26705 | Gauntlet | Found a large runed translucent door.
 26706 | Gauntlet | Found a large runed translucent door.
 26706 | Gauntlet | Found a large runed translucent door.
 26706 | Gauntlet | Found a transporter.
 26706 | Gauntlet | Found a runed translucent door.
 26707 | Gauntlet | Found a large runed translucent door.
 26708 | Gauntlet | Found a large runed translucent door.
 26709 | Gauntlet | Found a large runed translucent door.
 26709 | Gauntlet | Found a large runed translucent door.
 26710 | Gauntlet | Found a runed translucent gate.
 26710 | Gauntlet | Found a runed translucent gate.
 26712 | Gauntlet | Found a transporter.
 26715 | Gauntlet | Found a transporter.
 26717 | Gauntlet | Found a transporter.
 26718 | Gauntlet | Found a transporter.
 26726 | Gauntlet | Found a transporter.
 26726 | Gauntlet | Found a transporter.
 26756 | Gauntlet | Found a runed translucent gate.
 26757 | Gauntlet | Found a large runed translucent door.
 26757 | Gauntlet | Found a large runed translucent door.
 26758 | Gauntlet | Found a large runed translucent door.
 26759 | Gauntlet | Found a large runed translucent door.
 26760 | Gauntlet | Found a large runed translucent door.
 26760 | Gauntlet | Found a large runed translucent door.
 26760 | Gauntlet | Found a runed translucent door.
 26761 | Gauntlet | Found a large runed translucent door.
 26762 | Gauntlet | Found a large runed translucent door.
 26818 | Gauntlet | Found a runed translucent door.
 27138 | Gauntlet | Reached skill level 17 in Bows
 27733 | Lair:6   | Received a gift from Okawaru
 27740 | Lair:6   | Got a spiked hat {god gift}
 27753 | Lair:6   | Identified the +1 hat of the Tick {Str+5} (Okawaru gifted
                  | it to you on level 6 of the Lair of Beasts)
 28423 | Lair:6   | Reached skill level 18 in Bows
 29280 | Lair:6   | Identified the Grimoire of Noxious Clay
 29657 | D:13     | Reached XP level 15. HP: 95/136 MP: 14/20
 29749 | D:13     | Noticed Snorg
 29774 | D:13     | Received a gift from Okawaru
 30679 | D:13     | Received a gift from Okawaru
 30980 | D:13     | Killed Snorg
 31343 | D:14     | Received a gift from Okawaru
 31615 | D:14     | Noticed a shadow dragon
 32455 | Orc:1    | Entered Level 1 of the Orcish Mines
 32557 | Orc:2    | Entered Level 2 of the Orcish Mines
 33238 | Orc:2    | Found a roughly hewn altar of Beogh.
 33306 | Orc:2    | Noticed Jorgrun
 33317 | Orc:2    | Killed Jorgrun
 33557 | Orc:2    | Found a staircase to the Elven Halls.
 33576 | Orc:2    | Found Koinan's Book Boutique.
 33649 | Orc:2    | Found Sewku's Distillery.
 33658 | Orc:2    | Found Limajar's General Store.
 34056 | Orc:2    | Paralysed by an orc sorcerer for 7 turns
 34361 | Orc:2    | Bought a potion of heal wounds for 55 gold pieces
 34361 | Orc:2    | Bought a potion of haste for 110 gold pieces
 34361 | Orc:2    | Bought a potion of haste for 110 gold pieces
 34361 | Orc:2    | Bought a potion of haste for 110 gold pieces
 34361 | Orc:2    | Bought a potion of curing for 33 gold pieces
 34361 | Orc:2    | Bought a potion of berserk rage for 55 gold pieces
 34361 | Orc:2    | Bought a potion of curing for 33 gold pieces
 34363 | Orc:2    | Bought a scroll of brand weapon for 200 gold pieces
 34363 | Orc:2    | Bought a scroll of identify for 20 gold pieces
 34415 | Orc:2    | Reached ****** piety under Okawaru
 34796 | Orc:2    | Found Lirghid's Book Boutique.
 34796 | Orc:2    | Found Tamuigue's Antique Weapon Shop.
 34803 | Orc:2    | Found a one-way gate leading to the halls of Pandemonium.
 35163 | D:14     | Received a gift from Okawaru
 35217 | D:14     | Noticed a fire giant
 35476 | D:14     | Killed a fire giant
 35600 | D:14     | Reached XP level 16. HP: 123/145 MP: 22/22
 35615 | D:14     | Killed a shadow dragon
 35874 | D:14     | Reached skill level 19 in Bows
 35980 | D:14     | Found a gate to the Vaults.
 36073 | D:15     | Entered Level 15 of the Dungeon
 36359 | D:15     | Found a basalt altar of Yredelemnul.
 36512 | D:15     | Reached skill level 15 in Fighting
 37400 | D:15     | Found a staircase to the Depths.
 37405 | D:15     | Reached skill level 10 in Invocations
 37506 | D:15     | Received a gift from Okawaru
 37878 | Orc:1    | Received a gift from Okawaru
 38130 | Orc:1    | Got a shimmering bronze ring
 38321 | Orc:1    | Identified the Reference Book on the Snowflakes and
                  | Poisoning
 38334 | Orc:1    | Identified the ring of Suicidal Tendencies {rF++ rC- rCorr
                  | Dex+6} (You found it on level 1 of the Orcish Mines)
 38354 | Orc:1    | Got a heavily runed plate armour
 38365 | Orc:1    | Identified the +5 plate armour "Kaivvi" {rElec rPois rC-
                  | MR+} (You found it on level 1 of the Orcish Mines)
 38500 | Snake:1  | Entered Level 1 of the Snake Pit
 38623 | Snake:1  | Found a runed translucent gate.
 38623 | Snake:1  | Found a runed translucent gate.
 38623 | Snake:1  | Found a runed translucent gate.
 38625 | Snake:1  | Noticed Nys Cevy's ghost (adept TrFi)
 38837 | Snake:1  | Noticed Roxanne
 39287 | Snake:1  | Found Nanwu's Gadget Boutique.
 39288 | Snake:1  | Found Ijir's Jewellery Shoppe.
 39289 | Snake:1  | Found Ruyl's Gadget Boutique.
 39340 | Snake:1  | Found a shadowy altar of Dithmenos.
 39373 | Snake:1  | Noticed Aizul
 39384 | Snake:1  | Killed Aizul
 39969 | Snake:1  | Killed Roxanne
 39969 | Snake:1  | Received a gift from Okawaru
 40864 | Snake:2  | Reached XP level 17. HP: 154/154 MP: 24/24
 41311 | Snake:2  | You fall into a shaft and drop 1 floor!
 41385 | Snake:3  | Reached skill level 20 in Bows
 41392 | Snake:3  | Noticed Asterion
 41420 | Snake:2  | Received a gift from Okawaru
 41429 | Snake:2  | Noticed Azrael
 41944 | Snake:2  | Noticed Vashnia
 42428 | Snake:2  | Killed Azrael
 43199 | Snake:2  | Killed Vashnia
 43199 | Snake:2  | Received a gift from Okawaru
 43685 | Snake:3  | Reached skill level 10 in Armour
 43726 | Snake:3  | Noticed Louise
 43735 | Snake:3  | Cast into level 3 of the Abyss (Louise)
 43756 | Abyss:3  | Found a corrupted altar of Lugonu.
 43805 | Abyss:3  | Received a gift from Okawaru
 43862 | Abyss:3  | Reached skill level 10 in Dodging
 44382 | Snake:3  | Escaped the Abyss
 44402 | Snake:2  | Killed Louise
 45129 | Snake:3  | Killed Asterion
 45129 | Snake:3  | Received a gift from Okawaru
 45481 | Snake:3  | Noticed Bai Suzhen
 45508 | Snake:3  | Killed Bai Suzhen
 45508 | Snake:3  | Received a gift from Okawaru
 45508 | Snake:3  | Reached skill level 10 in Axes
 45715 | Snake:3  | Found a runed translucent door.
 45718 | Snake:3  | Noticed sleeves's ghost (adept BaSu)
 45761 | Snake:3  | Received a gift from Okawaru
 45922 | Snake:4  | Entered Level 4 of the Snake Pit
 46017 | Snake:4  | Reached XP level 18. HP: 168/168 MP: 25/25
 46207 | Snake:4  | Received a gift from Okawaru
 47437 | Snake:4  | Received a gift from Okawaru
 48643 | Snake:4  | Got a serpentine rune of Zot
 49089 | Snake:1  | Killed Nys Cevy's ghost
 49184 | Snake:1  | Identified a scroll of acquirement
 49188 | Snake:1  | Identified the +1 hat of the Serpent {rC+ Regen+} (You
                  | acquired it on level 1 of the Snake Pit)
 49347 | Shoals:1 | Entered Level 1 of the Shoals
 50066 | Shoals:2 | Received a gift from Okawaru
 50067 | Shoals:2 | Found the +7 Kryia's mail coat {PotionHeal*2 rC+}
 50249 | Shoals:2 | Identified the +10 plate armour of Abstinence {MR+} (You
                  | found it on level 2 of the Shoals)
 50608 | Shoals:2 | Reached XP level 19. HP: 139/179 MP: 18/26
 50632 | Shoals:2 | Noticed Ilsuiw
 50692 | Shoals:2 | Killed Ilsuiw
 51187 | Shoals:3 | Identified the +1 large shield of the Vacuum {rCorr} (You
                  | acquired it on level 3 of the Shoals)
 51811 | Shoals:4 | Entered Level 4 of the Shoals
 51867 | Shoals:4 | Reached skill level 21 in Bows
 51922 | Shoals:4 | Received a gift from Okawaru
 52233 | Shoals:4 | Got a barnacled rune of Zot
 52330 | Shoals:4 | Received a gift from Okawaru
 53156 | Shoals:1 | Received a gift from Okawaru
 53159 | Shoals:1 | Identified the +1 plate armour of Meru {Str+2} (Okawaru
                  | gifted it to you on level 1 of the Shoals)
 53353 | Vaults:1 | Entered Level 1 of the Vaults
 54327 | Vaults:1 | Reached XP level 20. HP: 189/189 MP: 27/27
 54425 | Vaults:1 | Reached skill level 22 in Bows
 54472 | Vaults:1 | Identified the +2 glaive of the Scavenger {chop, rPois rF+
                  | rC+ Str+5}
 54586 | Vaults:1 | Found a portal to a secret trove of treasure.
 54945 | Vaults:2 | Received a gift from Okawaru
 54946 | Vaults:2 | Identified the +0 helmet of Heema {+Inv rElec Int+4 Dex+2
                  | Stlth-} (Okawaru gifted it to you on level 2 of the Vaults)
 55014 | Vaults:2 | Found a ruined gateway.
 55079 | Desolati | Entered the Desolation of Salt
 55195 | Desolati | Identified the Almanac of Nocuous Unholy Rituals
 55301 | Desolati | Found the +8 lance "Wyrmbane" {slay drac, rPois rF+ rC+
                  | AC+3}
 55795 | Desolati | Got a clouded bronze ring
 56011 | Desolati | Identified the Compendium of the Harmful Volcanoes
 56127 | Desolati | Received a gift from Okawaru
 56469 | Vaults:2 | Identified the ring of Qoutafo {MP+9 SInv} (You found it in
                  | the Desolation of Salt)
 56762 | Vaults:2 | Noticed Jory
 56790 | Vaults:2 | Killed Jory
 57470 | Vaults:2 | Found a staircase to the Crypt.
 57952 | Vaults:3 | Reached XP level 21. HP: 199/199 MP: 28/28
 57983 | Vaults:3 | Found Simnorec's Magic Scroll Boutique.
 57991 | Vaults:3 | Bought a scroll of blinking for 127 gold pieces
 58156 | Vaults:3 | Found a magical portal.
 58343 | WizLab   | Received a gift from Okawaru
 58591 | WizLab   | Found the -2 hat of the Alchemist {rElec rPois rF+ rC+ rN+
                  | MR+ rMut rCorr}
 58823 | WizLab   | Identified the Collected Works on Moulding
 58827 | WizLab   | Identified Cigotuvi's Disquisition on Transformation and
                  | Black Rituals
 59542 | Vaults:3 | Received a gift from Okawaru
 60235 | Vaults:3 | Received a gift from Okawaru
 61361 | Vaults:4 | Found a large runed translucent door.
 61361 | Vaults:4 | Found a large runed translucent door.
 61361 | Vaults:4 | Noticed dolemite99's ghost (veteran DrFE)
 61361 | Vaults:4 | Noticed Getoffmy's ghost (veteran GrFi)
 61438 | Vaults:4 | Got a coiled pewter ring
 61706 | Vaults:4 | Received a gift from Okawaru
 62377 | Vaults:4 | Reached XP level 22. HP: 124/209 MP: 29/29
 62446 | Vaults:4 | Identified the cursed ring "Tulloemu" {MR++ Str-3} (You
                  | found it on level 4 of the Vaults)
 62664 | Depths:1 | Entered Level 1 of the Depths
 62664 | Depths:1 | Found a gateway to Hell.
 62796 | Depths:1 | Found a one-way gate to the infinite horrors of the Abyss.
 62862 | Depths:1 | Received a gift from Okawaru
 63074 | Depths:1 | Received a gift from Okawaru
 65286 | Depths:2 | Found a runed translucent door.
 65333 | Depths:2 | Found a gateway to a bazaar.
 65384 | Bazaar   | Entered a bazaar
 65384 | Bazaar   | Found Toaniul's Food Shoppe.
 65389 | Bazaar   | Found Iliohup's Gadget Shop.
 65402 | Bazaar   | Found Roigiam's Assorted Antiques.
 65440 | Bazaar   | Found Vinu's Magic Scroll Shop.
 65444 | Bazaar   | Bought a scroll of teleportation for 33 gold pieces
 65444 | Bazaar   | Bought a scroll of teleportation for 33 gold pieces
 65444 | Bazaar   | Bought a scroll of teleportation for 33 gold pieces
 65444 | Bazaar   | Bought a scroll of teleportation for 33 gold pieces
 65444 | Bazaar   | Bought a scroll of fog for 22 gold pieces
 65444 | Bazaar   | Bought a scroll of identify for 22 gold pieces
 65444 | Bazaar   | Bought a scroll of vulnerability for 82 gold pieces
 65466 | Bazaar   | Bought a ration for 40 gold pieces
 65466 | Bazaar   | Bought a ration for 40 gold pieces
 65466 | Bazaar   | Bought a ration for 40 gold pieces
 65466 | Bazaar   | Bought a ration for 40 gold pieces
 65466 | Bazaar   | Bought a ration for 40 gold pieces
 65466 | Bazaar   | Bought a ration for 40 gold pieces
 65466 | Bazaar   | Bought a ration for 40 gold pieces
 65466 | Bazaar   | Bought a ration for 40 gold pieces
 65466 | Bazaar   | Bought a ration for 40 gold pieces
 65466 | Bazaar   | Bought a ration for 40 gold pieces
 65466 | Bazaar   | Bought a ration for 40 gold pieces
 65466 | Bazaar   | Bought a ration for 40 gold pieces
 65484 | Bazaar   | Bought a scroll of acquirement for 1560 gold pieces
 66150 | Depths:2 | Noticed a golden dragon
 66154 | Depths:2 | Noticed a golden dragon
 66232 | Depths:2 | Killed a golden dragon
 66232 | Depths:2 | Received a gift from Okawaru
 66782 | Depths:2 | Noticed a golden dragon
 66862 | Depths:2 | Killed a golden dragon
 67306 | Depths:2 | Noticed a golden dragon
 67327 | Depths:2 | Killed a golden dragon
 67570 | Depths:2 | Noticed a juggernaut
 67572 | Depths:2 | Noticed a juggernaut
 67579 | Depths:2 | Killed a juggernaut
 67579 | Depths:2 | Reached XP level 23. HP: 144/217 MP: 27/30
 67599 | Depths:2 | Killed a juggernaut
 67634 | Depths:2 | Identified the +9 trident of Mean Nin {speed, +Inv +Fly
                  | MR+}
 67640 | Depths:2 | Noticed a caustic shrike
 67656 | Depths:2 | Killed a caustic shrike
 67942 | Depths:2 | Received a gift from Okawaru
 67942 | Depths:2 | Reached skill level 23 in Bows
 67959 | Depths:2 | Noticed a juggernaut
 67970 | Depths:2 | Killed a juggernaut
 68022 | Depths:2 | Identified the +0 pair of gloves of Nihilism {rN+ MR+} (You
                  | found it on level 2 of the Depths)
 69687 | Depths:3 | Noticed an ancient lich
 69699 | Depths:3 | Killed an ancient lich
 69699 | Depths:3 | Received a gift from Okawaru
 70235 | Depths:3 | Received a gift from Okawaru
 70513 | Depths:3 | Reached skill level 24 in Bows
 71060 | Depths:3 | Identified the +8 shortbow "Fedgho Passy" {freeze, rC+
                  | Str+4 Dex+3 Stlth-} (You found it on level 3 of the Depths)
 73089 | Depths:4 | Reached XP level 24. HP: 218/231 MP: 30/30
 73507 | Depths:4 | Received a gift from Okawaru
 73555 | Depths:4 | Paralysed by a floating eye for 3 turns
 73788 | Depths:4 | Reached skill level 25 in Bows
 74105 | Depths:4 | Identified the Compendium of Poison and Changing
 74649 | Depths:5 | Entered Level 5 of the Depths
 74727 | Depths:5 | Found a gateway to a ziggurat.
 74735 | Depths:5 | Paralysed by a floating eye for 2 turns
 75150 | Depths:5 | Received a gift from Okawaru
 75835 | Depths:5 | Received a gift from Okawaru
 75914 | Depths:5 | Identified the +6 falchion of Mandamus {flame, rElec rC+++
                  | Str+2 Dex-4}
 75947 | Depths:5 | Reached skill level 26 in Bows
 75987 | Depths:4 | Received a gift from Okawaru
 76803 | Depths:5 | Found a gate to the Realm of Zot.
 77312 | Elf:1    | Entered Level 1 of the Elven Halls
 77477 | Elf:1    | Found Vydasuno's Assorted Antiques.
 78250 | Elf:2    | Found a runed translucent gate.
 78251 | Elf:2    | Found a runed translucent gate.
 78251 | Elf:2    | Found a runed translucent gate.
 78265 | Elf:2    | Received a gift from Okawaru
 78912 | Elf:2    | Found Pipaog's Antique Armour Boutique.
 79047 | Elf:2    | Reached XP level 25. HP: 243/243 MP: 30/30
 79321 | Elf:3    | Entered Level 3 of the Elven Halls
 81020 | Elf:3    | Identified the cursed +1 robe of Dehicar {rPois MR+ Regen+
                  | Dex+3}
 81167 | Elf:3    | Identified the cursed +0 ring mail "Ulucivvu" {rPois MR-
                  | Dex+6 SInv}
 81434 | Elf:3    | Reached skill level 27 in Bows
 81528 | Elf:3    | Identified the Grimoire of the Shifting Rocks
 81537 | Elf:3    | Identified the Grimoire of Conjuration
 82030 | Crypt:1  | Entered Level 1 of the Crypt
 82634 | Crypt:1  | Noticed Margery
 82642 | Crypt:1  | Killed Margery
 82656 | Crypt:1  | Received a gift from Okawaru
 84654 | Crypt:3  | Entered Level 3 of the Crypt
 84676 | Crypt:3  | Reached skill level 15 in Armour
 84732 | Crypt:3  | Reached skill level 15 in Dodging
 84933 | Crypt:3  | Found an ancient bone altar of Kikubaaqudgha.
 84982 | Crypt:3  | Received a gift from Okawaru
 85355 | Crypt:3  | Reached XP level 26. HP: 254/254 MP: 30/30
 85469 | Crypt:3  | Received a gift from Okawaru
 85944 | Crypt:3  | Received a gift from Okawaru
 85975 | Crypt:3  | Got a steaming golden ring
 85975 | Crypt:3  | Got a shimmering silver ring
 85978 | Crypt:3  | Identified the ring of the Cockatrice {rElec rN+} (You
                  | found it on level 3 of the Crypt)
 85979 | Crypt:3  | Identified the ring of Kuer {+Blink rN+ Slay+3} (You found
                  | it on level 3 of the Crypt)
 85984 | Crypt:3  | Identified the ring of Propriety {+Fly rElec rC+ rN+} (You
                  | found it on level 3 of the Crypt)
 86310 | Crypt:3  | Found a staircase to the Tomb.
 86310 | Crypt:3  | Noticed an ancient lich
 86329 | Crypt:3  | Killed an ancient lich
 86346 | Crypt:3  | Identified the Catalogue of Unholy Secrets
 86960 | Crypt:3  | Identified the cursed ring of Kegoc {rC+ Str-3} (You found
                  | it on level 3 of the Crypt)
 86962 | Crypt:3  | Identified the +5 chain mail of the Shore {rF- Dex+5} (You
                  | found it on level 3 of the Crypt)
 87256 | Vaults:5 | Entered Level 5 of the Vaults
 87267 | Vaults:5 | Noticed Saint Roka
 87271 | Vaults:5 | Received a gift from Okawaru
 87283 | Vaults:5 | Noticed an ancient lich
 87297 | Vaults:5 | Killed an ancient lich
 87312 | Vaults:5 | Killed Saint Roka
 87591 | Vaults:5 | Got a vibrating golden ring
 87594 | Vaults:5 | Got a crude granite ring
 87607 | Vaults:5 | Identified the ring "Cukuraef" {Fire SInv} (You found it on
                  | level 5 of the Vaults)
 87609 | Vaults:5 | Identified the ring "Sileraant" {*Corrode MR+ MP+9 Dex+5}
                  | (You found it on level 5 of the Vaults)
 87762 | Vaults:5 | Received a gift from Okawaru
 87867 | Vaults:5 | Identified the ring of Cyosogh {+Inv rN+ Str+4 Int-4 SInv
                  | Stlth+}
 87988 | Vaults:5 | Identified the amulet of Xeatopse {Spirit -Tele Fragile
                  | rPois Stlth+}
 88017 | Vaults:5 | Identified the +8 shortbow "Ultimatum" {flame, rC+}
 88035 | Vaults:5 | Noticed Frederick
 88056 | Vaults:5 | Killed Frederick
 88313 | Vaults:5 | Got a silver rune of Zot
 88720 | Vaults:5 | Reached XP level 27. HP: 125/266 MP: 12/30
 89310 | Vaults:5 | Identified the cursed -1 pair of gloves "Fajoefurgh"
                  | {Str+4} (You found it on level 5 of the Vaults)
 89453 | Vaults:5 | Received a gift from Okawaru
 89886 | Vaults:5 | Received a gift from Okawaru
 89888 | Vaults:5 | Identified the +0 helmet of Fomugi {MR+ rCorr MP-9 Dex+2}
                  | (You acquired it on level 5 of the Vaults)
 90196 | Vaults:1 | You paid a toll of +3 shadow dragon scales to enter a
                  | treasure trove
 90197 | Trove    | Entered a treasure trove
 90227 | Trove    | Identified the +0 shortbow "Bobe" {venom, rF+} (You found
                  | it in a treasure trove)
 90249 | Trove    | Got a fine steel amulet
 90251 | Trove    | Got a serpentine bronze amulet
 90253 | Trove    | Got a sparkling graven amulet
 90256 | Trove    | Identified the amulet "Sonoiduf" {Inacc +Blink Str-2 Int+6
                  | Dex+2} (You found it in a treasure trove)
 90257 | Trove    | Identified the amulet "Othreer" {Reflect +Fly Str-2 Int+8
                  | SH+6} (You found it in a treasure trove)
 90258 | Trove    | Identified the amulet of Rinicaka {+Rage rN+ Str+7} (You
                  | found it in a treasure trove)
 90260 | Trove    | Identified the amulet "Ywif" {+Rage Str+2} (You found it in
                  | a treasure trove)
 90537 | Zot:1    | Entered Level 1 of the Realm of Zot
 90560 | Depths:5 | Received a gift from Okawaru
 91317 | Zot:1    | Received a gift from Okawaru
 91654 | Zot:1    | Found a transporter.
 91655 | Zot:1    | Noticed an orb of fire
 91655 | Zot:1    | Noticed an orb of fire
 91657 | Zot:1    | Noticed an orb of fire
 91669 | Zot:1    | Found a transporter.
 91673 | Zot:1    | Found a transporter.
 92301 | Zot:1    | Received a gift from Okawaru
 92343 | Zot:1    | Received a gift from Okawaru
 92419 | Zot:1    | Found a transporter.
 92419 | Zot:1    | Found a transporter.
 92822 | Zot:2    | Received a gift from Okawaru
 93821 | Zot:3    | HP: 7/268 [golden dragon (8)]
 93821 | Zot:3    | HP: 3/268 [golden dragon (4)]
 93821 | Zot:3    | Slain by a wandering mushroom

Levels and vault maps discovered:
D:1:      minmay_arrival_solitary_statue, layout_basic, hex_medium
D:2:      layout_basic
D:3:      layout_basic, uniq_grinder
D:4:      layout_loops_ring, kennysheep_mini, minmay_temple_entry_purple_smoke,
          first_ration, hangedman_decor_lopped, uniq_sigmund, uniq_blork_the_orc
D:5:      minmay_bubble_buster, layout_loops_corners, kennysheep_generic_room_7,
          uniq_pikel
D:6:      layout_rooms, serial_glass, glass_columns_a, glass_columns_a,
          glass_columns_a, glass_columns_b, glass_columns_b, glass_columns_a,
          glass_columns_c, glass_columns_a, glass_columns_a, glass_columns_a,
          glass_columns_b, glass_columns_b, glass_columns_b, glass_columns_b,
          hangedman_abyss_or_decor_jellyfish_corner
D:7:      layout_basic, nicolae_ru_awakened_eye
D:8:      layout_basic, hangedman_ranch [blue_anna_fruit_fields],
          minmay_misc_feat_square, evilmike_ruin_ashenzari
D:9:      layout_cave_pools, basic_altar
D:10:     layout_cave_pods, due_lair_maze_entry_diamond, serial_shops, shop,
          grunt_decor_clamped, serial_bayou_ford_a, grunt_ministairs_12
D:11:     layout_basic, orc_0_dummy, nicolae_dithmenos_the_darkroom, uniq_urug
D:12:     layout_basic
D:13:     layout_roguey, serial_ice, serial_ice_h, serial_ice_m, serial_ice_a,
          serial_ice_f, portal_ice_cave_entry_ice_beasts, uniq_snorg
D:14:     hangedman_what_comes_after_a, layout_cross, ximxim_vaults_locker_room
D:15:     grunt_enter_depths_snipers, layout_rooms, nicolae_lava_and_water,
          special_room [special_room_bee], minivault_22,
          hangedman_decor_slide_cut, lemuel_mausoleum_altar_yredelemnul
Temple:   dpeg_three_leaves_temple
Lair:1:   beast_lair_carwin_large_2, layout_gridlike
Lair:2:   layout_regular_city, elwin_shoals_entry_stream, forest_entry_grove,
          serial_bayou_shore_b, lemuel_fruit_tree
Lair:3:   layout_cave_pods, dummy_snake_entry, minivault_23
Lair:4:   minmay_lair_venomous_thicket, layout_hall_layers, beast_lair_carwin_10
Lair:5:   layout_cave_pods, minmay_slime_entry_jelly_boxes, minivault_25,
          infiniplex_staircase_pool
Lair:6:   evilmike_catoblepas_cave, layout_cave_pods, basic_altar,
          gauntlet_entry_generic, roderic_batcave
Shoals:1: layout_shoals
Shoals:2: layout_shoals, kb_tengu_band, uniq_ilsuiw
Shoals:3: layout_shoals, nicolae_shoals_isolated_beach
Shoals:4: shoals_end_grunt_ice, layout_shoals, shoals_ilsuiw_alternative
Snake:1:  layout_basic, gammafunk_ghost_necromancy, basic_altar,
          minmay_shop_grove, uniq_roxanne, uniq_aizul
Snake:2:  layout_layer_cave, uniq_azrael, uniq_vashnia
Snake:3:  layout_onion_interference, ebering_ghost_inner_flame,
          hangedman_snake_pattern, uniq_bai_suzhen, uniq_louise, uniq_asterion
Snake:4:  grunt_snake_rune_serpentine_throne, layout_cave_town,
          nrook_guardian_serpent_ordinary
Orc:1:    layout_diamond_mine, minmay_orc_treasury
Orc:2:    pf_orc_diabolical, layout_diamond_mine, serial_shops, shop,
          minmay_orc_temple_a, uniq_jorgrun
Elf:1:    layout_gridlike, serial_shops, shop, minivault_28
Elf:2:    layout_loops_cross, serial_shops, nicolae_shop_window_shopping,
          nicolae_elf_big_sculpture_3
Elf:3:    minmay_elf_hall_curves, layout_gridlike, minmay_misc_feat_columns,
          hangedman_glass_teeth, elf_orc_summit_meeting
Vaults:1: nicolae_vaults_know_your_exits, v_alt_pattern_3,
          hangedman_vaults_stretched_pinwheel, nicolae_vaults_network_s,
          ontoclasm_vaults_chip, v_pattern_3, vaults_room_pool,
          vaults_room_pool, hangedman_vaults_maws, v_rooms_3,
          vaults_standard_mumra_enter_the_diamond, nicolae_vaults_angled_halls,
          layout_vaults_omnibox, nicolae_trove_entry_crystal
Vaults:2: minmay_crypt_entry_simple_round, nicolae_vaults_network_star,
          nicolae_vaults_diagonal_hallway_6, hangedman_vaults_corner_blocks,
          nicolae_vaults_alarming, ontoclasm_vaults_gateway,
          nicolae_vaults_mini_display_case, layout_vaults_omnigrid,
          portal_desolation_entry_nicolae_nacl, uniq_jory
Vaults:3: nicolae_vaults_triangles, ontoclasm_vaults_eye,
          hangedman_vaults_cutoff, v_alt_pattern_2, vaults_room_corners,
          v_misc_19, vaults_mumra_hex, layout_vaults_ring, serial_shops,
          nicolae_shop_crystal, mu_enter_wizlab_4
Vaults:4: advil_vaults_ghost_guards, nicolae_vaults_disjoint_gnomons,
          vaults_dpeg_hooks, nicolae_vaults_bisected_exclaves,
          nicolae_vaults_puzzle_piece, nicolae_vaults_shelves_hall, v_misc_18,
          ontoclasm_vaults_misaligned, nicolae_vaults_three_branches,
          nicolae_vaults_little_squares_6, ontoclasm_vaults_decontamination,
          layout_vaults_big_room, serial_shops, shop
Vaults:5: serial_shops, uniq_saint_roka, uniq_frederick
Crypt:1:  layout_catacombs, uniq_margery
Crypt:2:  layout_rooms
Crypt:3:  grunt_crypt_end_deaths_head
Depths:1: layout_twisted_cross, hell_entry, minmay_room_of_horrors,
          minmay_misc_feat_secret_circle, chequers_serial_rivers_small_b,
          minivault_12, serial_bayou_shore_a
Depths:2: gammafunk_depths_water_palace, layout_basic,
          kennysheep_cluttered_room, hell_entry, abyss_entry, serial_shops,
          bzr_entry_lakeside, minmay_acid_items, serial_bayou_shore_b
Depths:3: hangedman_crystal_crosses_colossus [crystal_crosses_arms_four,
          crystal_crosses_arms_two, crystal_crosses_arms_one,
          crystal_crosses_arms_one], pan_entry, hell_entry
Depths:4: hourglass_vault, layout_cave_pools, hell_entry, abyss_entry,
          minmay_misc_feat_iff, minmay_swirly_circle
Depths:5: lemuel_castle_with_subvaults [lemuel_castle_interior_carwin_2],
          layout_cave_pools, enter_ziggurat_e, pf_coc_iceberg,
          minmay_misc_feat_tiny
Zot:1:    gammafunk_the_bubble [the_bubble_gammafunk_roulette],
          layout_concentric_octagons, grunt_ministairs_7,
          kennysheep_underground_church
Zot:2:    kennysheep_room_grid, layout_misc_corridors
Zot:3:    layout_onion, bh_zot_lava_cross

Skill      XL: |  1  2  3  4  5  6  7  8  9 10 11 12 13 14 15 16 17 18 19 20 21 22 23 24 25 26 27 |
---------------+----------------------------------------------------------------------------------+-----
Bows           | 6 7 9 10 11 12 14 15 16 18 19 20 21 22 24 26 27 | 27.0
Fighting       | 4 6 8 9 10 11 12 13 14 15 16 18 19 20 21 23 24 25 | 25.9
Polearms       | 4 5 6 |  6.5
Armour         | 2 4 6 7 8 9 10 11 12 14 15 16 17 | 17.3
Invocations    | 3 6 7 9 10 | 10.0
Dodging        | 3 4 6 7 8 9 10 11 12 14 15 16 17 | 17.4
Axes           | 3 6 7 10 11 12 13 14 | 14.5
Stealth        | |  0.4

Action                   |  1- 3 |  4- 6 |  7- 9 | 10-12 | 13-15 | 16-18 | 19-21 | 22-24 | 25-27 || total
-------------------------+-------+-------+-------+-------+-------+-------+-------+-------+-------++-------
Melee: Short sword       |     8 |       |       |       |       |       |       |       |       ||     8
       Kick              |    16 |     7 |    87 |   175 |   383 |   119 |    85 |   120 |   116 ||  1108
       Spear             |    67 |    81 |   418 |     7 |       |       |       |       |       ||   573
       Unarmed           |       |    15 |       |       |       |       |       |       |       ||    15
       War axe           |       |       |     4 |   603 |  1039 |   299 |   185 |   149 |   260 ||  2539
       Punch             |       |       |       |     2 |    17 |     3 |     2 |     3 |     4 ||    31
       Lance             |       |       |       |       |       |       |       |   233 |    35 ||   268
 Fire: Shortbow          |    59 |     6 |    31 |   204 |   173 |       |       |       |       ||   473
       Longbow           |       |       |       |       |   179 |  1548 |  2096 |  1877 |  1980 ||  7680
Invok: Heroism           |       |       |       |    23 |    34 |    21 |    12 |    26 |    15 ||   131
       Finesse           |       |       |       |       |     2 |     1 |     2 |       |     2 ||     7
Evoke: Wand              |       |       |       |    18 |     1 |     2 |     5 |     3 |       ||    29
       Phial of floods   |       |       |       |       |       |     1 |       |     2 |       ||     3
  Use: Scroll            |       |     8 |     8 |    12 |    13 |     9 |    14 |    18 |    31 ||   113
       Potion            |       |     2 |       |     5 |     2 |     4 |     4 |     3 |     8 ||    28
 Stab: Sleeping          |       |       |     2 |     2 |       |       |       |       |       ||     4
       Distracted        |       |       |     1 |     1 |       |     1 |       |       |       ||     3
  Eat: Chunk             |     1 |     4 |    10 |    16 |     8 |     3 |     7 |     4 |       ||    53
       Ration            |       |       |     1 |     6 |    11 |    11 |     5 |    13 |    12 ||    59
Armor: Leather armour    |    35 |    18 |    94 |   246 |       |       |       |       |       ||   393
       Skin              |       |    13 |       |    10 |       |       |       |       |       ||    23
       Ice dragon scales |       |       |       |    38 |   628 |   336 |       |       |       ||  1002
       Scale mail        |       |       |       |       |       |    13 |   438 |   561 |   636 ||  1648
Dodge: Dodged            |    33 |    26 |   116 |   413 |   493 |   424 |   617 |   614 |   608 ||  3344
       Deflected         |       |       |       |       |       |    63 |    80 |    75 |    58 ||   276
